 Dungeon Crawl Stone Soup version 0.20.1-1-g8b1a95d (webtiles) character file.

344 LORDOFBUTT the Chopper (level 6, -7/56 HPs)
             Began as a Hill Orc Monk on Dec 2, 2017.
             Was a Believer of Beogh.
             Hit by a tomahawk thrown by an orc warrior (17 damage)
             ... on level 7 of the Dungeon.
             The game lasted 00:05:32 (3427 turns).

LORDOFBUTT the Chopper (Hill Orc Monk)              Turns: 3427, Time: 00:05:32

Health: -7/56      AC:  5    Str: 16    XL:     6   Next: 58%
Magic:  5/7        EV: 12    Int: 10    God:    Beogh [**....]
Gold:   162        SH:  0    Dex: 13    Spells: 5/5 levels left

rFire    . . .     SeeInvis .   h - +1 hand axe (flame)
rCold    . . .     Gourm    .   (no shield)
rNeg     . . .     Faith    .   p - +0 ring mail
rPois    .         Spirit   .   (no helmet)
rElec    .         Reflect  .   (no cloak)
rCorr    .         Harm     .   (no gloves)
MR       .....                  (no boots)
Stlth    ++........             (no amulet)
Regen    0.2/turn               b - ring of stealth
MPRegen  0.1/turn               (no ring)

@: no status effects
A: no striking features
a: Smiting, Renounce Religion


You were on level 7 of the Dungeon.
You worshipped Beogh.
Beogh was pleased with you.
You were not hungry.

You visited 1 branch of the dungeon, and saw 5 of its levels.

You collected 226 gold pieces.
You spent 64 gold pieces at shops.

Inventory:

Hand Weapons
 h - a +1 hand axe of flaming (weapon)
Armour
 p - a +0 ring mail (worn)
Jewellery
 b - a ring of stealth (left hand)
Scrolls
 d - a scroll of teleportation
 e - 2 scrolls of amnesia
 f - a scroll of recharging
 g - 2 scrolls of fog
 i - 2 scrolls of remove curse
 o - a scroll of random uselessness {unknown}
Potions
 k - a potion of might
 l - a potion of flight
Comestibles
 c - 3 bread rations
 j - a royal jelly
 m - 3 fruits
 n - a meat ration


   Skills:
 + Level 5.4 Fighting
 * Level 7.0 Axes
 + Level 1.0 Armour
 - Level 3.2 Dodging
 - Level 1.5 Stealth
 + Level 1.6 Invocations


You had 5 spell levels left.
You didn't know any spells.

Dungeon Overview and Level Annotations

Branches:
Dungeon (7/15)
 Temple: D:4-7

Altars:
Ashenzari

Shops:
D:7 *

Annotations:
D:3 Gonk's ghost, amateur DsGl


Message History

Beogh accepts your kill.
You hit the orc warrior. You burn the orc warrior.
The orc warrior hits you but does no damage.
You hit the orc warrior but do no damage.
The orc warrior is moderately wounded.
The orc warrior hits you with a scimitar.
You hit the orc warrior but do no damage.
The orc warrior is moderately wounded.
The orc warrior closely misses you.
You hit the orc warrior but do no damage.
The orc warrior is moderately wounded.
You completely miss the orc warrior.
The orc warrior is moderately wounded.
The orc warrior hits you with a scimitar!!
* * * LOW HITPOINT WARNING * * *
You are too injured to fight recklessly!
The orc warrior throws a tomahawk.
The tomahawk closely misses you.
Okay, then.
The orc warrior throws a tomahawk.
The tomahawk hits you!
You die...

#.# # .. .
#.## .#
#.)#####.#
#))......#
#†..o....###
#...........
#........##
###(@#####
##.## #..#
##.# #.##
#..# ##.#
#.## #..#


You could see an orc warrior.

Vanquished Creatures
  An ogre (D:7)
  An orc priest (D:7)
  A hound (D:4)
  10 adders
  A shadow imp (D:4)
  An ooze (D:2)
  3 worms
  2 dart slugs (D:1)
  4 leopard geckos (D:1)
  5 orcs
  8 bats
  3 giant cockroaches
  8 goblins
  10 hobgoblins
  5 jackals
  2 quokkas
  5 frilled lizards
  4 kobolds
  7 rats
81 creatures vanquished.

Notes
Turn   | Place    | Note
-------+----------+-------------------------------------------
     0 | D:1      | LORDOFBUTT the Hill Orc Monk began the quest for the Orb.
     0 | D:1      | Reached XP level 1. HP: 19/19 MP: 1/1
   227 | D:1      | Reached XP level 2. HP: 27/27 MP: 2/2
   602 | D:1      | Reached XP level 3. HP: 31/33 MP: 3/3
  1220 | D:2      | Reached XP level 4. HP: 41/41 MP: 4/4
  1375 | D:2      | Reached skill level 5 in Axes
  1451 | D:2      | Found a shattered altar of Ashenzari.
  2190 | D:3      | Reached XP level 5. HP: 47/47 MP: 5/5
  2227 | D:3      | Became a worshipper of Beogh the Brigand
  2227 | D:3      | Reached * piety under Beogh
  2227 | D:3      | Reached ** piety under Beogh
  2232 | D:3      | Reached skill level 6 in Axes
  2287 | D:3      | Reached skill level 5 in Fighting
  2547 | D:3      | Noticed Gonk's ghost (amateur DsGl)
  3065 | D:4      | You fall through a shaft for 3 floors!
  3065 | D:7      | Found Nuhinlaox's Assorted Antiques.
  3069 | D:7      | Bought a scroll of identify for 64 gold pieces
  3085 | D:7      | Noticed an ogre
  3101 | D:7      | Killed an ogre
  3101 | D:7      | Reached skill level 1 in Invocations
  3101 | D:7      | Reached XP level 6. HP: 5/56 MP: 5/7
  3410 | D:7      | Noticed an orc warrior
  3415 | D:7      | Reached skill level 7 in Axes
  3415 | D:7      | Reached skill level 1 in Armour
  3427 | D:7      | Hit by a tomahawk thrown by an orc warrior

Skill      XL: |  1  2  3  4  5  6 |
---------------+-------------------+-----
Fighting       | 4 5 |  5.4
Axes           | 5 6 7 |  7.0
Dodging        | 3 |  3.2
Invocations    | 1 |  1.6
Armour         | 1 |  1.0
Stealth        | |  1.5

Action                   |  1- 3 |  4- 6 || total
-------------------------+-------+-------++-------
Melee: Hand axe          |    79 |   173 ||   252
Invok: Convert to Beogh  |       |     1 ||     1
       Smiting           |       |     1 ||     1
  Use: Scroll            |     3 |     5 ||     8
 Stab: Sleeping          |     6 |     2 ||     8
  Eat: Chunk             |     1 |     7 ||     8
Armor: Robe              |     9 |    16 ||    25
       Ring mail         |       |     4 ||     4
Dodge: Dodged            |    58 |   107 ||   165
